 Dungeon Crawl Stone Soup version 0.21-a0-283-g622b906 (webtiles) character file.

45 nono the Charmwright (level 3, -4/30 HPs)
             Began as a Gnoll Skald on Sept 24, 2017.
             Slain by an iguana (7 damage)
             ... on level 2 of the Dungeon.
             The game lasted 00:02:24 (1011 turns).

nono the Charmwright (Gnoll Skald)                  Turns: 1011, Time: 00:02:24

Health: -4/30      AC:  3    Str:  7    XL:     3   Next: 64%
Magic:  0/7        EV: 11    Int:  7    God:
Gold:   165        SH:  0    Dex:  7    Spells: 7/8 levels left

rFire    . . .     SeeInvis .   a - +0 mace
rCold    . . .     Gourm    .   (no shield)
rNeg     . . .     Faith    .   b - +0 leather armour
rPois    .         Spirit   +   (no helmet)
rElec    .         Reflect  .   (no cloak)
rCorr    .         Harm     .   (no gloves)
MR       .....                  (no boots)
Stlth    ++........             k - amulet of guardian spirit
HPRegen  0.10/turn              n - ring of stealth
MPRegen  0.10/turn              (no ring)

@: infused
A: unchanging attributes, fangs 1, strong nose
a: no special abilities


You were on level 2 of the Dungeon.
You were not hungry.

You visited 1 branch of the dungeon, and saw 2 of its levels.

You collected 165 gold pieces.

Inventory:

Hand Weapons
 a - a +0 mace (weapon)
 g - a cursed -2 hunting sling
Armour
 b - a +0 leather armour (worn)
 i - a +0 ring mail
Jewellery
 k - an amulet of guardian spirit (around neck)
 n - a ring of stealth (left hand)
Scrolls
 m - a scroll of identify {unknown}
 p - a scroll of remove curse {unknown}
 q - a scroll of teleportation {unknown}
Potions
 e - 2 potions of heal wounds {unknown}
 j - 2 potions of curing {unknown}
 l - a potion of lignification {unknown}
Books
 c - a book of Battle

   Spells                             Type                      Level
   a - Infusion                       Charms                       1
   b - Shroud of Golubria             Charms/Translocation         2
   c - Song of Slaying                Charms                       2
   d - Spectral Weapon                Hexes/Charms                 3
   e - Regeneration                   Charms/Necromancy            3
Comestibles
 d - a bread ration
 f - a meat ration
 h - a chunk of flesh
 o - 2 royal jellies


   Skills:
 + Level 3.9 Fighting
 - Level 2.6 Maces & Flails
 - Level 1.3 Armour
 - Level 2.6 Dodging
 - Level 3.0 Spellcasting
 + Level 5.2 Charms


You had 7 spell levels left.
You knew the following spells:

 Your Spells              Type           Power        Failure   Level  Hunger
a - Infusion              Chrm           #...         6%          1    ##.....


Dungeon Overview and Level Annotations

Branches:
Dungeon (2/15)

Altars:


Innate Abilities, Weirdness & Mutations

Your physical attributes are unchanging.
You have very sharp teeth.
Your uncanny sense of smell can sniff out nearby items.


Message History

h - 2 chunks of flesh (gained 1)
Things that are here:
a club; a hobgoblin skeleton Your magical infusion is running out.
Eating one of 2 chunks of flesh.
You eat one of the 2 chunks of flesh.
This raw flesh tastes terrible.
You are no longer magically infusing your attacks.
You see here a robe.
There is a stone staircase leading up here.
An iguana comes into view.
Casting: Infusion
Confirm with . or Enter, or press ? or * to list all spells.
You begin infusing your attacks with magical energy.
The iguana bites you!
Your leather armour prevents you from hitting the iguana.
The iguana bites you! x2
* * * LOW HITPOINT WARNING * * *
Your leather armour prevents you from hitting the iguana.
The iguana bites you!
You die...

#.# ... #.# #.###∆ #####...
.##...#..# .............l.##
..#...###....@#.#
.....#.........# ###
...............##..#
............<..#.#.#
.......#....#.#.##.####
............##.###.##.#######.
........#............#........
........<......###.##.########
.......#.#..######.##.#


You could see an iguana.

Vanquished Creatures
  An adder (D:2)
  2 oozes
  3 dart slugs
  2 giant cockroaches (D:1)
  2 goblins
  4 hobgoblins
  A kobold (D:1)
  2 bats (D:1)
  2 frilled lizards (D:2)
  2 rats (D:1)
21 creatures vanquished.

Notes
Turn   | Place    | Note
-------+----------+-------------------------------------------
     0 | D:1      | nono the Gnoll Skald began the quest for the Orb.
     0 | D:1      | Reached XP level 1. HP: 17/17 MP: 4/4
   250 | D:1      | Reached XP level 2. HP: 22/24 MP: 1/6
   493 | D:1      | Reached XP level 3. HP: 27/29 MP: 1/7
   762 | D:2      | Reached skill level 5 in Charms
  1011 | D:2      | Slain by an iguana

Vault maps used:
D:1:      minmay_arrival_arboretum_small
D:2:      minmay_misc_feat_plants

Skill      XL: |  1  2  3 |
---------------+----------+-----
Fighting       | 3 |  3.9
Charms         | 5 |  5.2
Maces & Flails | |  2.6
Armour         | |  1.3
Dodging        | |  2.6
Spellcasting   | |  3.0

Action                   || total
-------------------------++-------
Melee: Mace              ||    66
       Bite              ||     1
 Cast: Infusion          ||    14
  Eat: Chunk             ||     1
Armor: Leather armour    ||     7
Dodge: Dodged            ||    38

Table legend:
 A = Spawn XP
 B = Non-spawn XP
 C = Spawn XP percentage of total XP
 D = Spawn monster count
 E = Non-spawn monster count
 F = Spawn count percentage of total count
 G = Total turns spent on level
                    A         B        C        D         E        F      G
               +---------+---------+-------+---------+---------+-------+---------
         Total |       0 |      65 |   0.0 |       0 |      21 |   0.0 |  1011
               +---------+---------+-------+---------+---------+-------+---------
           D:1 |       0 |      34 |   0.0 |       0 |      14 |   0.0 |   747
           D:2 |       0 |      31 |   0.0 |       0 |       7 |   0.0 |   264
               +---------+---------+-------+---------+---------+-------+---------
